 Dungeon Crawl Stone Soup version 0.22-a0-812-g4c1e2d5471 (webtiles) character file.

1424 Bergy the Basher (level 8, -3/46 HPs)
             Began as a Gargoyle Fighter on July 23, 2018.
             Was a Follower of Makhleb.
             Splashed by a jelly's acid (5 damage)
             ... on level 6 of the Dungeon.
             The game lasted 00:21:34 (6587 turns).

Bergy the Basher (Gargoyle Fighter)                 Turns: 6587, Time: 00:21:35

Health: -3/46      AC:  6    Str: 22    XL:     8   Next: 72%
Magic:  8/8        EV:  5    Int:  9    God:    Makhleb [*.....]
Gold:   275        SH:  9    Dex:  9    Spells: 7/7 levels left

rFire    . . .     SeeInvis .   v - +1 trident (freeze)
rCold    . . .     Gourm    +   c - +0 shield
rNeg     + . .     Faith    .   t - +0 chain mail
rPois    ∞         Spirit   .   (no helmet)
rElec    +         Reflect  .   (no cloak)
rCorr    .         Harm     .   (no gloves)
MR       .....                  (no boots)
Stlth    ..........             w - amulet of the gourmand
HPRegen  0.15/turn              (no ring)
MPRegen  0.11/turn              (no ring)

@: corroded
A: negative energy resistance 1, electricity resistance, unbreathing,
petrification resistance, rot immunity, AC +5
a: Renounce Religion


You were on level 6 of the Dungeon.
You worshipped Makhleb.
Makhleb was aware of your devotion.
You were not hungry.

You visited 2 branches of the dungeon, and saw 8 of its levels.

You collected 275 gold pieces.

Inventory:

Hand Weapons
 a - a +0 flail
 v - a +1 trident of freezing (weapon)
Armour
 c - a +0 shield (worn)
 t - a +0 chain mail (worn)
Jewellery
 w - an amulet of the gourmand (around neck)
Wands
 n - a wand of polymorph (9)
 o - a wand of flame (21)
Scrolls
 b - a scroll of teleportation {unknown}
 e - 5 scrolls of identify
 g - 2 scrolls of amnesia {unknown}
 h - 2 scrolls of blinking {unknown}
 m - a scroll of random uselessness {unknown}
 q - a scroll of magic mapping {unknown}
 r - a scroll of fog {unknown}
 u - a scroll of acquirement {unknown}
Potions
 d - 2 potions of might
 j - a potion of agility {unknown}
 k - a potion of magic {unknown}
 l - a potion of ambrosia {unknown}
 p - a potion of lignification {unknown}
 s - a potion of berserk rage {unknown}
Comestibles
 f - 7 rations


   Skills:
 - Level 3.2 Fighting
 - Level 8.1 Maces & Flails
 * Level 6.1 Polearms
 - Level 3.2 Armour
 - Level 3.2 Shields


You had 7 spell levels left.
You didn't know any spells.
Your spell library contained the following spells:

 Spells                   Type           Power        Failure   Level  Hunger
 Magic Dart               Conj           #...         100%        1    ##.....
 Conjure Flame            Conj/Fire      #.......     100%        3    ####...
 Lightning Bolt           Conj/Air       #.........   100%        5    ######.
 Slow                     Hex            #.......     100%        2    ###....
 Mephitic Cloud           Conj/Pois/Air  #.......     100%        3    ####...
 Blink                    Tloc           N/A          100%        2    ###....
 Call Imp                 Summ           #.......     100%        2    ###....
 Shock                    Conj/Air       #...         100%        1    ##.....
 Swiftness                Chrm/Air       #.......     100%        2    ###....
 Spider Form              Tmut/Pois      #.........   100%        3    ####...
 Blade Hands              Tmut           #.........   100%        5    ######.
 Ice Form                 Ice/Tmut       #.......     100%        4    #####..
 Airstrike                Air            #.........   100%        4    #####..
 Sticks to Snakes         Tmut           #.......     100%        2    ###....
 Static Discharge         Conj/Air       #.......     100%        3    ####...
 Beastly Appendage        Tmut           #.....       100%        1    ##.....


Dungeon Overview and Level Annotations

Branches:
Dungeon (7/15)             Temple (1/1) D:5

Altars:
Ashenzari
Cheibriados
Dithmenos
Elyvilon
Fedhas
Gozag
Hepliaklqana
Kikubaaqudgha
Makhleb
Nemelex Xobeh
Okawaru
Qazlal
Ru
Sif Muna
Trog
Uskayaw
Vehumet
Wu Jian
Xom
Yredelemnul
Zin
The Shining One

Annotations:
D:7 Joseph


Innate Abilities, Weirdness & Mutations

You are resistant to torment.
Your stone body is resilient. (AC +5)
You are immune to poison.
You resist negative energy. (rN+)
You are resistant to electric shocks. (rElec)
You can survive without breathing.
You are immune to petrification.
You are immune to rotting.


Message History

You block the jelly's attack. The killer bee stings you.
* * * LOW HITPOINT WARNING * * *
You completely miss the killer bee.
The killer bee is almost dead.
The killer bee stings you but does no damage.
You block the jelly's attack. The killer bee barely misses you.
Your chain mail prevents you from hitting the killer bee.
The killer bee is almost dead.
The killer bee stings you but does no damage.
The jelly hits you.
* * * LOW HITPOINT WARNING * * *
You are splashed with acid!
The acid burns!
* * * LOW HITPOINT WARNING * * *
The killer bee stings you but does no damage.
You puncture the killer bee! You freeze the killer bee.
You kill the killer bee!
Makhleb accepts your kill. The jelly hits you but does no damage.
You puncture the jelly! You freeze the jelly.
Your hands burn!
You die...

#...........................#.
#.......)..........######.#.#.
#..................######.#.##
#.....................)...#...
####...............##############
......#######......#......#
#############......#.####.#
.......^...........#.# #.#
#############...@.##.####.#
.............#.†.J......#'#######
...##...##.###.#####.##.........#
##########.###.......##.........#
.......#[.......................#
.......'.#.#############........#
.......#.#..#...................#
########.#..#.#########.........#
#.##.#.# #.......###


You could see a jelly.

Vanquished Creatures
  A sky beast (D:6)
  An orc warrior (D:6)
  An ice beast (D:6)
  A phantom (D:5)
  2 ogres
  A centaur (D:5)
  4 killer bees (D:6)
  3 howler monkeys
  A crimson imp (D:6)
  2 orc priests (D:5)
  2 hounds
  A jelly (D:6)
  7 worker ants
  A hound zombie (D:5)
  A howler monkey zombie (D:6)
  4 adders
  A river rat (D:4)
  2 oozes
  2 adder skeletons (D:4)
  3 worms
  4 dart slugs
  2 leopard geckos
  9 orcs
  3 giant cockroaches
  3 goblins
  5 hobgoblins
  14 jackals
  4 kobolds
  3 quokkas
  2 ball pythons (D:4)
  6 bats
  7 frilled lizards
  A jackal skeleton (D:3)
  A leopard gecko skeleton (D:6)
  A leopard gecko zombie (D:6)
  A quokka skeleton (D:4)
  7 rats
114 creatures vanquished.

Notes
Turn   | Place    | Note
-------+----------+-------------------------------------------
     0 | D:1      | Bergy the Gargoyle Fighter began the quest for the Orb.
     0 | D:1      | Reached XP level 1. HP: 14/14 MP: 1/1
    20 | D:1      | Noticed a minotaur zombie
   195 | D:1      | Reached XP level 2. HP: 18/19 MP: 2/2
   494 | D:1      | Reached skill level 3 in Maces & Flails
   627 | D:1      | Reached XP level 3. HP: 16/23 MP: 3/3
  1112 | D:2      | Reached skill level 4 in Maces & Flails
  1112 | D:2      | Reached XP level 4. HP: 21/28 MP: 4/4
  2027 | D:3      | Found a hide-covered altar of Uskayaw.
  2114 | D:4      | Reached skill level 5 in Maces & Flails
  2114 | D:4      | Reached XP level 5. HP: 26/32 MP: 5/5
  2652 | D:4      | Noticed an ogre
  2662 | D:4      | Killed an ogre
  2662 | D:4      | Reached skill level 6 in Maces & Flails
  2662 | D:4      | Reached XP level 6. HP: 37/37 MP: 6/6
  3207 | D:5      | Entered Level 5 of the Dungeon
  3488 | D:5      | Noticed a phantom
  3523 | D:5      | Killed a phantom
  3523 | D:5      | Reached skill level 7 in Maces & Flails
  3574 | D:5      | Reached XP level 7. HP: 31/41 MP: 7/7
  3672 | D:5      | Found a deep blue altar of Sif Muna.
  3700 | D:5      | Found a staircase to the Ecumenical Temple.
  4081 | Temple   | Entered the Ecumenical Temple
  4178 | Temple   | Became a worshipper of Makhleb the Destroyer
  4233 | D:5      | Reached skill level 8 in Maces & Flails
  4657 | D:6      | Reached skill level 1 in Polearms
  5255 | D:6      | Reached XP level 8. HP: 46/46 MP: 8/8
  5311 | D:6      | Found an opulent altar of Gozag.
  6190 | D:6      | Reached * piety under Makhleb
  6190 | D:6      | Reached skill level 5 in Polearms
  6249 | D:7      | Noticed Joseph
  6585 | D:6      | HP: 2/46 [acid (7)]
  6587 | D:6      | Splashed by a jelly's acid

Vault maps used:
D:1:      shiori_arrival_whats_in_store_for_you, kennysheep_nondescript,
          st_stairs_1
D:2:      minmay_pentomino_z2
D:3:      lemuel_statue_altar
D:4:      portal_sewer_entry_e, first_ration
D:5:      minmay_temple_entry_hall, basic_altar
D:6:      nicolae_overflow_crystal_walls, hex_intersection, nrook_uturn
D:7:      basic_altar, uniq_joseph, uniq_harold
Temple:   kilobyte_greek_temple

Skill      XL: |  1  2  3  4  5  6  7  8 |
---------------+-------------------------+-----
Maces & Flails | 3 4 5 6 7 8 |  8.1
Polearms       | 3 6 |  6.1
Fighting       | |  3.2
Armour         | |  3.2
Shields        | |  3.2

Action                   |  1- 3 |  4- 6 |  7- 9 || total
-------------------------+-------+-------+-------++-------
Melee: Flail             |   135 |   216 |    34 ||   385
       Trident           |       |       |   257 ||   257
  Use: Potion            |       |     1 |     2 ||     3
       Scroll            |       |       |     2 ||     2
  Eat: Chunk             |     1 |     7 |     4 ||    12
       Ration            |       |     1 |     2 ||     3
Armor: Scale mail        |   107 |   107 |     8 ||   222
       Chain mail        |       |       |   221 ||   221
Dodge: Dodged            |    49 |    63 |    90 ||   202
Block: Shield            |    91 |   109 |   180 ||   380

Table legend:
 A = Spawn XP
 B = Non-spawn XP
 C = Spawn XP percentage of total XP
 D = Spawn monster count
 E = Non-spawn monster count
 F = Spawn count percentage of total count
 G = Total turns spent on level
                    A         B        C        D         E        F      G
               +---------+---------+-------+---------+---------+-------+---------
         Total |       0 |    2035 |   0.0 |       0 |     114 |   0.0 |  6587
               +---------+---------+-------+---------+---------+-------+---------
           D:1 |       0 |      48 |   0.0 |       0 |      25 |   0.0 |   934
           D:2 |       0 |      82 |   0.0 |       0 |      15 |   0.0 |   834
           D:3 |       0 |      16 |   0.0 |       0 |       8 |   0.0 |   300
           D:4 |       0 |     272 |   0.0 |       0 |      24 |   0.0 |  1310
           D:5 |       0 |     473 |   0.0 |       0 |      12 |   0.0 |  1106
           D:6 |       0 |    1093 |   0.0 |       0 |      29 |   0.0 |  1938
           D:7 |       0 |      51 |   0.0 |       0 |       1 |   0.0 |    27
               +---------+---------+-------+---------+---------+-------+---------
